 Dungeon Crawl Stone Soup version 0.29-a0-393-g47a863cc1b (webtiles) character file.

Game seed: 13469649898806798236

3643 MirrMurr the Spear-Bearer (level 9, -3/69 HPs)
             Began as a Demonspawn Gladiator on May 9, 2022.
             Was a Believer of Qazlal.
             Killed from afar by a gargoyle (17 damage)
             ... with a stone arrow
             ... on level 11 of the Dungeon.
             The game lasted 00:16:50 (8276 turns).

MirrMurr the Spear-Bearer (Demonspawn Gladiator)    Turns: 8276, Time: 00:16:51

Health: -3/69      AC: 11    Str: 19    XL:     9   Next: 88%
Magic:  9/9        EV: 12    Int:  9    God:    Qazlal [**....]
Gold:   451        SH:  6    Dex: 15    Spells: 2/8 levels left

rFire   + . .      SeeInvis +   a - +5 trident
rCold   . . .      Faith    .   (no shield)
rNeg    + . .      Spirit   .   x - +2 scale mail {rF+}
rPois   .          Reflect  .   c - +0 helmet
rElec   .          Harm     .   (no cloak)
rCorr   .          Rampage  .   (no gloves)
Will    .....                   u - +0 pair of boots
Stlth   ..........              (no amulet)
HPRegen 0.21/turn               j - ring of positive energy
MPRegen 0.11/turn               y - ring of see invisible

@: about to teleport
A: claws 2, large bone plates 1, powered by pain 2, demonic magic 1
a: Renounce Religion, Upheaval


You were on level 11 of the Dungeon.
You worshipped Qazlal.
Qazlal was pleased with you.
You visited 1 branch of the dungeon, and saw 11 of its levels.

You collected 451 gold pieces.

Inventory:

Hand Weapons
 a - a +5 trident (weapon)
 b - a +0 hunting sling
 A - a +1 vampiric trident
Missiles
 d - 3 throwing nets
 e - 4 javelins
 g - 119 stones
 o - 7 atropa-tipped darts
Armour
 c - a +0 helmet (worn)
 u - a +0 pair of boots (worn)
 x - a +2 scale mail of fire resistance (worn)
Jewellery
 f - a ring of poison resistance
 j - a ring of positive energy (left claw)
 r - a ring of protection from cold
 t - a +6 ring of dexterity
 y - a ring of see invisible (right claw)
Wands
 i - a wand of acid (6)
Scrolls
 z - a scroll of fear
Potions
 k - a potion of cancellation {unknown}
 l - a potion of attraction {unknown}
 m - 3 potions of curing
 n - a potion of ambrosia {unknown}
 p - 2 potions of brilliance {unknown}
 q - a potion of flight {unknown}
 s - 3 potions of mutation
 v - 3 potions of lignification {unknown}
 w - 2 potions of resistance


   Skills:
 + Level 6.1 Fighting
 * Level 8.1 Polearms
 + Level 5.5 Throwing
 + Level 5.0 Armour
 + Level 5.9 Dodging


You had 2 spell levels left.
You knew the following spells:

 Your Spells              Type           Power      Damage    Failure   Level
a - Slow                  Hex            0%         N/A       75%         1
b - Confusing Touch       Hex            0%         N/A       98%         3
B - Blink                 Tloc           0%         N/A       86%         2

Your spell library contained the following spells:

 Spells                   Type           Power      Damage    Failure   Level
 Vampiric Draining        Necr           0%         2d6       98%         3
 Fireball                 Conj/Fire      0%         3d3       100%        5
 Manifold Assault         Tloc           0%         N/A       100%        5
 Yara's Violent Unravell  Hex/Tmut       0%         3d3       100%        5
 Starburst                Conj/Fire      0%         6d3       100%        6
 Enfeeble                 Hex            0%         N/A       100%        7
 Storm Form               Tmut/Air       0%         N/A       100%        7
 Borgnjor's Revivificati  Necr           0%         N/A       100%        8
 Ignition                 Fire           0%         3d3       100%        8
 Necromutation            Tmut/Necr      0%         N/A       100%        8
 Death's Door             Necr           0%         N/A       100%        9


Dungeon Overview and Level Annotations

Branches:
Dungeon (12/15)            Temple (0/1) D:5            Lair (0/6) D:8
    Orc (0/2) D:12

Altars:
Elyvilon
Kikubaaqudgha
Qazlal
Ru
Sif Muna
Vehumet
Xom
Zin

Shops:
D:2 *

Annotations:
D:4 come back, Dowan, Duvessa


Innate Abilities, Weirdness & Mutations

You have very sharp fingernails.
You are partially covered in large bone plates. (SH +4)
You sometimes gain power by taking damage.
Spells you cast may paralyse adjacent enemies.


Message History

The gargoyle is heavily damaged.
The gargoyle hurls a stone arrow at you.
The stone arrow hits you!
You focus on the pain.
You feel your power returning.
You are too injured to fight recklessly!
You are too injured to fight recklessly!
You are too injured to fight recklessly!
You are too injured to fight recklessly!
Reach: a) +5 trident
Press: ? - help, Dir - move target, f/p - gargoyle
Aim: a gargoyle, wielding a +0 mace (heavily damaged, about 19% to evade your +5 trident)
You reach to attack!
You hit the gargoyle but do no damage.
The gargoyle is heavily damaged.
Reach: a) +5 trident
Press: ? - help, Dir - move target, f/p - gargoyle
Aim: a gargoyle, wielding a +0 mace (heavily damaged, about 19% to evade your +5 trident)
You hit the gargoyle.
The gargoyle is heavily damaged.
The gargoyle barely misses you.
Reach: a) +5 trident
Press: ? - help, Dir - move target, f/p - gargoyle
Aim: a gargoyle, wielding a +0 mace (heavily damaged, about 19% to evade your +5 trident)
You hit the gargoyle but do no damage.
The gargoyle is heavily damaged.
The gargoyle hurls a stone arrow at you.
The stone arrow misses you.
Reach: a) +5 trident
Press: ? - help, Dir - move target, f/p - gargoyle
Aim: a gargoyle, wielding a +0 mace (heavily damaged, about 19% to evade your +5 trident)
You hit the gargoyle.
The gargoyle is severely damaged.
The gargoyle hits you with a +0 mace!
* * * LOW HITPOINT WARNING * * *
Okay, then.
Unknown command.
Unknown command.
As you read the scroll of teleportation, it crumbles to dust.
You feel strangely unstable.
The gargoyle hurls a stone arrow at you.
The stone arrow hits you!
You die...

#. #.# #.# #.#
#)# #.#
#.####.###
######.○.......
#.....@.....###
......####9######
###$. #... ##
###... .### . ..
$.


You could see a gargoyle.

Vanquished Creatures
  2 hornets (D:7)
  Sigmund (D:2)
  A wyvern (D:9)
  A shadow (D:9)
  A steam dragon (D:6)
  2 wargs (D:8)
  2 orc warriors (D:8)
  3 black bears
  A sky beast (D:7)
  2 ice beasts
  An ogre (D:5)
  3 centaurs
  3 bullfrogs
  A necrophage (D:7)
  9 wights
  3 hounds
  3 orc priests (D:8)
  6 iguanas
  5 orc wizards
  4 adders
  2 shadow imps
  3 white imps
  3 dart slugs
  27 orcs
  9 ball pythons
  5 endoplasms
  4 giant cockroaches
  11 goblins
  A hobgoblin (D:3)
  7 quokkas
  5 bats
  5 frilled lizards
  5 kobolds
  A rat (D:2)
142 creatures vanquished.

Vanquished Creatures (others)
  A plant (D:8)
1 creature vanquished.

Grand Total: 143 creatures vanquished

Notes
Turn   | Place    | Note
-------+----------+-------------------------------------------
     0 | D:1      | MirrMurr the Demonspawn Gladiator began the quest for the
                  | Orb.
     0 | D:1      | Reached XP level 1. HP: 16/16 MP: 1/1
   180 | D:1      | Gained mutation: Spells you cast may paralyse adjacent
                  | enemies. [demonic ancestry]
   180 | D:1      | Reached XP level 2. HP: 22/22 MP: 2/2
   240 | D:1      | Reached skill level 3 in Polearms
   629 | D:2      | Found a faded altar of an unknown god.
   677 | D:2      | Gained mutation: You sometimes gain a little power by
                  | taking damage. [demonic ancestry]
   677 | D:2      | Reached XP level 3. HP: 24/27 MP: 3/3
   800 | D:2      | Found Fapax's Assorted Antiques.
  1157 | D:2      | Reached skill level 1 in Armour
  1178 | D:2      | Noticed Sigmund
  1203 | D:2      | Killed Sigmund
  1204 | D:2      | Reached skill level 4 in Polearms
  1204 | D:2      | Reached XP level 4. HP: 13/34 MP: 4/4
  1204 | D:2      | Gained mutation: You have sharp fingernails. [demonic
                  | ancestry]
  1204 | D:2      | Reached XP level 5. HP: 15/40 MP: 5/5
  1759 | D:3      | Found a shimmering blue altar of Sif Muna.
  1971 | D:3      | Found an ancient bone altar of Kikubaaqudgha.
  2588 | D:4      | Noticed Duvessa
  2588 | D:4      | Noticed Dowan
  2663 | D:5      | Entered Level 5 of the Dungeon
  2704 | D:5      | Gained mutation: You have very sharp fingernails. [demonic
                  | ancestry]
  2704 | D:5      | Reached XP level 6. HP: 36/43 MP: 6/6
  2741 | D:5      | Found a stormy altar of Qazlal.
  2751 | D:5      | Became a worshipper of Qazlal Stormbringer
  2955 | D:5      | Found a staircase to the Ecumenical Temple.
  3848 | D:6      | Gained mutation: You are partially covered in large bone
                  | plates. (SH +4) [demonic ancestry]
  3848 | D:6      | Reached XP level 7. HP: 37/52 MP: 7/7
  3908 | D:5      | Reached skill level 5 in Polearms
  4329 | D:6      | Found a sacrificial altar of Ru.
  4364 | D:6      | HP: 2/53 [iguana (9)]
  4822 | D:6      | Noticed a steam dragon
  4843 | D:6      | Killed a steam dragon
  4901 | D:6      | Found a shimmering altar of Xom.
  4927 | D:6      | Gained mutation: You sometimes gain power by taking damage.
                  | [demonic ancestry]
  4927 | D:6      | Reached XP level 8. HP: 60/60 MP: 8/8
  5363 | D:7      | Reached * piety under Qazlal
  5364 | D:7      | Reached skill level 6 in Polearms
  5712 | D:7      | Learned a level 1 spell: Slow
  5715 | D:7      | Learned a level 2 spell: Blink
  5719 | D:7      | Learned a level 3 spell: Confusing Touch
  5766 | D:7      | Noticed a hornet
  5780 | D:7      | Paralysed by a hornet for 1 turns
  5781 | D:7      | Killed a hornet
  5782 | D:7      | Reached skill level 5 in Fighting
  5782 | D:7      | Reached skill level 5 in Dodging
  6375 | D:8      | Noticed a hornet
  6402 | D:7      | Killed a hornet
  6403 | D:7      | Reached XP level 9. HP: 30/68 MP: 9/9
  6588 | D:8      | Reached skill level 7 in Polearms
  7246 | D:8      | Reached skill level 5 in Throwing
  7415 | D:8      | Found a radiant altar of Vehumet.
  7904 | D:8      | Found a staircase to the Lair.
  8030 | D:9      | Reached ** piety under Qazlal
  8189 | D:9      | Reached skill level 8 in Polearms
  8189 | D:9      | Reached skill level 5 in Armour
  8250 | D:9      | You fall into a shaft and drop 3 floors!
  8250 | D:12     | Noticed a troll
  8256 | D:12     | Found a staircase to the Orcish Mines.
  8267 | D:11     | Noticed a gargoyle
  8276 | D:11     | Killed from afar by a gargoyle

Illustrated notes

Levels and vault maps discovered:
D:1:      minmay_arrival_radiant_lines, layout_loops_ring
D:2:      layout_loops_ring, nicolae_ecumenical_pavilion, serial_shops,
          nicolae_shop_overgrown_old_shop, uniq_sigmund
D:3:      layout_basic, mainiacjoe_overflow_brackets,
          gammafunk_temple_overflow_statue
D:4:      layout_layer_cave, ebering_ghost_inner_flame, serial_shops,
          shop_fountains, uniq_duvessa
D:5:      layout_cave_pools, lemuel_coloured_pillars_altar, zin_scriptorium,
          minmay_temple_entry_grid, nicolae_ossuary_entry_monument
D:6:      layout_rooms, mainiacjoe_overflow_small_starburst,
          amcnicky_altar_gilded
D:7:      layout_basic, corner_web_ring
D:8:      layout_basic, mainiacjoe_overflow_boulevard, erik_lair_orcish_takeover
D:9:      layout_loops_ring, mainiacjoe_overflow_alcove_4
D:11:     layout_loops_ring, kennysheep_island_fort
D:12:     layout_irregular_city, orc_0_dummy, jiyva_altar_1, uniq_urug

Skill      XL: |  1  2  3  4  5  6  7  8  9 |
---------------+----------------------------+-----
Polearms       | 3 4 5 6 8 |  8.1
Throwing       | 2 3 4 5 |  5.5
Dodging        | 3 4 5 |  5.9
Armour         | 1 2 3 4 5 |  5.0
Fighting       | 3 4 5 6 |  6.1

Action                   |  1- 3 |  4- 6 |  7- 9 || total
-------------------------+-------+-------+-------++-------
Melee: Trident           |    63 |   136 |   403 ||   602
       Punch             |       |     1 |     3 ||     4
 Fire: Hunting sling     |    65 |    52 |    76 ||   193
Throw: Dart              |     1 |       |       ||     1
       Throwing net      |       |     2 |       ||     2
Invok: Upheaval          |       |       |     1 ||     1
  Use: Scroll            |       |     8 |    10 ||    18
       Potion            |       |       |     1 ||     1
 Stab: Held in net/web   |       |     1 |       ||     1
Armor: Leather armour    |     9 |       |       ||     9
       Ring mail         |    22 |    38 |       ||    60
       Scale mail        |       |     9 |   170 ||   179
Dodge: Dodged            |    53 |    92 |   253 ||   398
Block: Other             |       |       |    87 ||    87

Table legend: (Time is in decaauts)
 A = Elapsed time spent in this place.
 B = Non-inter-level travel time spent in this place.
 C = Inter-level travel time spent in this place.
 D = Time resting spent in this place.
 E = Time spent auto-exploring this place.
 F = Levels seen in this place.
 G = Mean time per level.
                   A        B        C        D        E       F      G
               +--------+--------+--------+--------+--------+-----+--------+
         Total |   8326 |   8034 |    292 |    354 |   5922 |  11 |  756.9 |
       Dungeon |   8326 |   8034 |    292 |    354 |   5922 |  11 |  756.9 |
               +--------+--------+--------+--------+--------+-----+--------+

Top non-repeatable levels by time:
     D:5: 1586 daAuts
     D:8: 1525 daAuts
     D:7: 1135 daAuts
     D:6: 1075 daAuts
     D:2: 1034 daAuts
     D:3: 847 daAuts
     D:1: 642 daAuts
     D:9: 272 daAuts
     D:4: 181 daAuts
    D:11: 14 daAuts
    D:12: 9 daAuts
